 Dungeon Crawl Stone Soup version 0.28-a0-655-g4eb62b627b (webtiles) character file.

Game seed: 12472664685097330420

138 sleeves the Chopper (level 5, -4/41 HPs)
             Began as a Demonspawn Fighter on Oct 12, 2021.
             Was a Believer of Qazlal.
             Slain by a killer bee (8 damage)
             ... on level 4 of the Dungeon.
             The game lasted 00:02:27 (2862 turns).

sleeves the Chopper (Demonspawn Fighter)            Turns: 2862, Time: 00:02:28

Health: -4/41      AC:  6    Str: 17    XL:     5   Next: 1%
Magic:  5/5        EV: 11    Int: 10    God:    Qazlal [**....]
Gold:   153        SH:  7    Dex: 12    Spells: 4/4 levels left

rFire   + . .      SeeInvis .   a - +0 war axe
rCold   + . .      Faith    .   c - +0 buckler
rNeg    . . .      Spirit   .   n - +2 robe {rC+ rF+}
rPois   .          Reflect  .   m - +0 helmet
rElec   .          Harm     .   (no cloak)
rCorr   .          Rampage  .   (no gloves)
Will    +....                   o - +0 pair of boots
Stlth   +.........              i - amulet of magic regeneration
HPRegen 0.13/turn               e - ring of willpower
MPRegen 0.34/turn               (no ring)

@: lethally poisoned (-4 -> -13)
A: weakness stinger 2
a: Renounce Religion, Upheaval


You were on level 4 of the Dungeon.
You worshipped Qazlal.
Qazlal was pleased with you.
You visited 1 branch of the dungeon, and saw 4 of its levels.

You collected 153 gold pieces.

Inventory:

Hand Weapons
 a - a +0 war axe (weapon)
Armour
 c - a +0 buckler (worn)
 m - a +0 helmet (worn)
   (You found it on level 3 of the Dungeon)
 n - a +2 robe of resistance (worn)
   (You found it on level 3 of the Dungeon)
 o - a +0 pair of boots (worn)
   (You found it on level 3 of the Dungeon)
Jewellery
 e - a ring of willpower (left hand)
   (You found it on level 1 of the Dungeon)
 i - an amulet of magic regeneration (around neck)
   (You found it on level 2 of the Dungeon)
Wands
 p - a wand of flame (25)
   (You found it on level 4 of the Dungeon)
Scrolls
 f - a scroll of noise {unknown}
 g - 9 scrolls of identify {unknown}
 h - a scroll of teleportation {unknown}
 k - a scroll of magic mapping {unknown}
 l - a scroll of enchant armour {unknown}
Potions
 b - a potion of magic {unknown}
 d - a potion of might
 j - a potion of mutation {unknown}


   Skills:
 - Level 3.0 Fighting
 + Level 4.7 Axes
 - Level 2.6 Armour
 - Level 2.6 Shields
 + Level 0.5 Invocations


You had 4 spell levels left.
You didn't know any spells.
Your spell library was empty.

Dungeon Overview and Level Annotations

Branches:
Dungeon (4/15)
 Temple: D:4-7

Altars:
Nemelex Xobeh
Qazlal
Yredelemnul
Zin

Shops:
D:1 [

Annotations:
D:3 3 runed translucent doors, AttackTheMoon's ghost, amateur DjEn


Innate Abilities, Weirdness & Mutations

You have a tail ending in a sharp stinger.


Message History

No target in view!
You see here a dart slug corpse.
You see here 21 stones.
You open the door.
Found 17 arrows.
You see here 4 atropa-tipped darts.
A dart slug comes into view.
The dart slug launches a dart at you. You block the slug dart.
A dart slug is nearby!
The dart slug launches a dart at you. The slug dart hits you.
You slash the dart slug!
The dart slug is severely wounded.
The dart slug launches a dart at you.
The slug dart hits you but does no damage.
You barely miss the dart slug.
The dart slug is severely wounded.
The dart slug bites you but does no damage.
You hit the dart slug.
The dart slug is almost dead.
You block the dart slug's attack.
You hit the dart slug.
You kill the dart slug!
No target in view!
No target in view!
No target in view!
No target in view!
No target in view!
No target in view!
No target in view!
No target in view!
You see here a dart slug corpse.
A goblin comes into view. It is wielding a +0 club.
The goblin shouts!
A goblin is nearby!
A goblin is nearby!
A goblin is nearby!
You hit the goblin.
The goblin is moderately wounded.
The goblin hits you but does no damage.
You hit the goblin but do no damage.
The goblin is moderately wounded.
The goblin hits you with a +0 club.
You completely miss the goblin.
Your tail-slap misses the goblin.
The goblin is moderately wounded.
The goblin hits you but does no damage. You block the goblin's attack.
You hit the goblin.
You kill the goblin!
No target in view!
No target in view!
No target in view!
No target in view!
You see here a +0 club.
You see here a +0 club.
Found 25 sling bullets.
A hobgoblin and a kobold come into view.
The hobgoblin shouts!
There are monsters nearby!
Found a faded altar of an unknown god.
You hit the kobold but do no damage. The kobold barely misses you.
The kobold hits you with a +0 dagger.
The hobgoblin hits you but does no damage.
You closely miss the hobgoblin. You hit the kobold but do no damage.
You block the kobold's attack.
The hobgoblin hits you but does no damage.
You slash the hobgoblin!
You kill the hobgoblin!
You barely miss the kobold. The kobold barely misses you.
Your Axes skill increases to level 3!
You closely miss the kobold.
The kobold hits you but does no damage. x2
You closely miss the kobold. You tail-slap the kobold.
The kobold is heavily wounded.
The kobold closely misses you.
You slash the kobold!
You kill the kobold!
No target in view!
No target in view!
No target in view!
No target in view!
No target in view!
No target in view!
No target in view!
No target in view!
No target in view!
No target in view!
No target in view!
Done exploring.
Done exploring.
Done exploring.
Done exploring.
Done exploring.
There is a faded altar of an unknown god here.
You cannot tell which god this altar belongs to.
Convert to them anyway?
Qazlal accepts your prayer! Qazlal welcomes you!
Qazlal grants you and your divine allies immunity to clouds.
You are now surrounded by a storm.
Done exploring.
Done exploring.
Done exploring.
Done exploring.
(D) Dungeon
Where to? (? - help)
You see here a +0 dagger.
You see here a dart slug corpse.
There is a stone staircase leading down, spattered with blood here.
You climb downwards.
There is a stone staircase leading up here.
A rat comes into view.
A rat is nearby!
A rat is nearby!
A rat is nearby!
The rat bites you.
You hit the rat.
You kill the rat!
Qazlal accepts your kill.
No target in view!
No target in view!
No target in view!
No target in view!
No target in view!
No target in view!
No target in view!
No target in view!
HP restored.
g - 3 scrolls labelled AQEASUCAITH
Found a stone staircase leading down.
g - 4 scrolls labelled AQEASUCAITH (gained 1)
You open the door.
Found a stone staircase leading up.
No target in view!
No target in view!
No target in view!
No target in view!
No target in view!
No target in view!
No target in view!
No target in view!
No target in view!
No target in view!
No target in view!
No target in view!
No target in view!
A ball python comes into view.
Found 12 gold pieces.
The ball python hisses angrily.
There is an open door here.
A ball python is nearby!
A ball python is nearby!
A ball python is nearby!
Found a stone staircase leading up.
The ball python bites you but does no damage.
The ball python grabs you. The ball python constricts you.
The ball python barely misses you. The ball python constricts you.
Your scale mail prevents you from hitting the ball python.
You block the ball python's attack. The ball python constricts you.
You slash the ball python!
You kill the ball python!
Qazlal accepts your kill.
No target in view!
No target in view!
No target in view!
No target in view!
You now have 45 gold pieces (gained 12).
Found a stone staircase leading down.
h - a scroll labelled DITEMI FALOR
Found a basalt altar of Yredelemnul.
Key pressed, stopping explore.
No target in view!
No target in view!
No target in view!
No target in view!
A worm comes into view.
A worm is nearby!
The worm closely misses you.
You hit the worm.
The worm is lightly wounded.
The worm bites you.
You hit the worm.
The worm is moderately wounded.
You hit the worm.
The worm is heavily wounded.
The worm bites you.
You hit the worm.
The worm is severely wounded.
The worm bites you.
You hit the worm.
The worm is almost dead.
The worm bites you but does no damage.
You completely miss the worm.
The worm is almost dead.
The worm barely misses you.
You hit the worm.
You kill the worm!
Qazlal accepts your kill.
No target in view!
No target in view!
No target in view!
No target in view!
No target in view!
You now have 59 gold pieces (gained 14).
You enter the shallow water.
Moving in this stuff is going to be slow.
Key pressed, stopping explore.
A kobold comes into view. It is wielding a +0 whip.
The kobold shouts!
A kobold is nearby!
A kobold is nearby!
You block the kobold's attack.
You hit the kobold but do no damage. You block the kobold's attack.
You barely miss the kobold. The kobold barely misses you. x2
You hit the kobold but do no damage. The kobold hits you but does no damage.
You slash the kobold!
You kill the kobold!
Qazlal accepts your kill.
You have reached level 3!
Your experience leads to an increase in your attributes!
Increase (S)trength, (I)ntelligence, or (D)exterity?
You feel stronger.
Things that are here:
a +0 whip; a kobold corpse You open the door.
There is an open door here.
You now have 68 gold pieces (gained 9).
Found a quarterstaff.
You see here a +0 quarterstaff.
You see here a +0 quarterstaff.
You open the door.
A frilled lizard comes into view.
Found 8 gold pieces.
You barely miss the frilled lizard.
Your tail-slap misses the frilled lizard.
The frilled lizard barely misses you.
The frilled lizard completely misses you.
You slash the frilled lizard!
You kill the frilled lizard!
Qazlal accepts your kill.
No target in view!
No target in view!
No target in view!
No target in view!
No target in view!
No target in view!
No target in view!
No target in view!
There is an open door here.
You see here a frilled lizard corpse.
You now have 76 gold pieces (gained 8).
You enter the shallow water.
Moving in this stuff is going to be slow.
You enter the shallow water.
Moving in this stuff is going to be slow.
An endoplasm comes into view.
The endoplasm quivers.
An endoplasm is nearby!
An endoplasm is nearby!
An endoplasm is nearby!
Found a stone staircase leading down.
You hit the endoplasm.
The endoplasm is severely wounded.
The endoplasm freezes you.
You are frozen.
The endoplasm freezes you.
You are frozen.
You hit the endoplasm.
You kill the endoplasm!
Qazlal accepts your kill.
No target in view!
No target in view!
No target in view!
No target in view!
No target in view!
No target in view!
No target in view!
A ball python comes into view.
A ball python is nearby!
A ball python is nearby!
A ball python is nearby!
A frilled lizard comes into view.
The frilled lizard hisses angrily.
The ball python hisses angrily.
The ball python barely misses you. The ball python grabs you.
The ball python constricts you.
You hit the ball python.
The ball python is heavily wounded.
The ball python barely misses you. The ball python constricts you.
You completely miss the ball python.
The ball python is heavily wounded.
You hit the frilled lizard. The ball python barely misses you.
The ball python constricts you.
The frilled lizard bites you but does no damage.
You block the ball python's attack. The ball python constricts you.
The frilled lizard bites you.
You hit the ball python.
You kill the ball python!
Qazlal accepts your kill.
You hit the frilled lizard.
You kill the frilled lizard!
Qazlal accepts your kill.
No target in view!
No target in view!
No target in view!
No target in view!
No target in view!
No target in view!
No target in view!
A goblin comes into view. It is wielding a +0 club.
Found an escape hatch in the ceiling.
The goblin shouts!
A goblin is nearby!
A goblin is nearby!
A goblin is nearby!
You slash the goblin!
You kill the goblin!
Qazlal accepts your kill.
No target in view!
No target in view!
No target in view!
No target in view!
No target in view!
No target in view!
No target in view!
No target in view!
Things that are here:
a +0 club; a goblin corpse A dart slug comes into view.
A dart slug is nearby!
A dart slug is nearby!
A dart slug is nearby!
The dart slug launches a dart at you. The slug dart hits you.
The dart slug launches a dart at you. You block the slug dart.
You hit the dart slug.
The dart slug is moderately wounded.
The dart slug barely misses you.
You slash the dart slug!
You kill the dart slug!
Qazlal accepts your kill.
No target in view!
No target in view!
No target in view!
No target in view!
No target in view!
No target in view!
No target in view!
You enter the shallow water.
Moving in this stuff is going to be slow.
You open the door.
There is an open door here.
You now have 88 gold pieces (gained 12).
A giant cockroach comes into view.
A giant cockroach is nearby!
A giant cockroach is nearby!
A giant cockroach is nearby!
Found an escape hatch in the floor.
You barely miss the giant cockroach.
Your tail-slap misses the giant cockroach.
The giant cockroach bites you.
You completely miss the giant cockroach.
The giant cockroach barely misses you. You block the giant cockroach's attack.
You slash the giant cockroach!
You kill the giant cockroach!
Qazlal accepts your kill.
No target in view!
No target in view!
No target in view!
You see here a giant cockroach corpse.
There is an escape hatch in the floor here.
There is a stone staircase leading up here.
There is an open door here.
There is a stone staircase leading down here.
You open the door.
There is an open door here.
i - an amulet of magic regeneration
There is an open door here.
A frilled lizard comes into view.
Found a hunting sling.
The frilled lizard hisses angrily.
A frilled lizard is nearby!
A frilled lizard is nearby!
The frilled lizard bites you but does no damage.
You closely miss the frilled lizard. You tail-slap the frilled lizard.
You kill the frilled lizard!
Qazlal accepts your kill.
No target in view!
No target in view!
No target in view!
An adder comes into view.
The adder hisses angrily.
An adder is nearby!
An adder is nearby!
An adder is nearby!
You see here a +0 hunting sling.
You miss the adder.
Your tail-slap misses the adder.
The adder bites you but does no damage. The adder barely misses you.
You slash the adder! You tail-slap the adder.
You kill the adder!
Qazlal accepts your kill.
No target in view!
No target in view!
No target in view!
No target in view!
No target in view!
No target in view!
No target in view!
Key pressed, stopping explore.
You see here a +0 hunting sling.
You enter the shallow water.
Moving in this stuff is going to be slow.
You enter the shallow water.
Moving in this stuff is going to be slow.
You enter the shallow water.
Moving in this stuff is going to be slow.
Key pressed, stopping explore.
You enter the shallow water.
Moving in this stuff is going to be slow.
Partly explored, can't reach some places.
Partly explored, can't reach some places.
No target in view!
No target in view!
No target in view!
Partly explored, can't reach some places.
Partly explored, can't reach some places.
Partly explored, can't reach some places.
(D) Dungeon
Where to? (Enter - D:2, ? - help)
There is a stone staircase leading down here.
You climb downwards.
There is a stone staircase leading up here.
A giant cockroach is nearby!
A giant cockroach is nearby!
A giant cockroach is nearby!
A giant cockroach is nearby!
A giant cockroach is nearby!
The giant cockroach barely misses you.
Your scale mail prevents you from hitting the giant cockroach.
The giant cockroach bites you but does no damage.
The giant cockroach barely misses you.
You barely miss the giant cockroach.
The giant cockroach bites you but does no damage.
You hit the giant cockroach.
You kill the giant cockroach!
Qazlal accepts your kill.
No target in view!
No target in view!
You see here a giant cockroach corpse.
Found a runed translucent gate.
The adder hisses angrily.
Found 16 stones.
The goblin shouts!
AttackTheMoon's ghost turns its malevolent gaze towards you.
Found 19 stones.
The orc shouts!
Found a stone staircase leading down.
AttackTheMoon's ghost shrieks, "I have seen your future, and it is all used up."
No reachable target in view!
There is a stone staircase leading down here.
You open the door.
A bat and an endoplasm come into view.
The bat hits you.
There are monsters nearby!
There are monsters nearby!
There are monsters nearby!
Your scale mail prevents you from hitting the bat.
The bat hits you but does no damage.
You hit the endoplasm but do no damage. The endoplasm closely misses you.
You hit the endoplasm.
The endoplasm is heavily wounded.
The endoplasm freezes you.
You are frozen.
The endoplasm hits you but does no damage.
You hit the endoplasm.
You kill the endoplasm!
Qazlal accepts your kill. You block the bat's attack.
The bat hits you but does no damage.
There is an open door here.
A bat is nearby!
A bat is nearby!
A bat is nearby!
A bat is nearby!
You hit the bat.
You kill the bat!
Qazlal accepts your kill.
No target in view!
No target in view!
No target in view!
HP restored.
Found a stone staircase leading up.
j - a fizzy white potion You now have 105 gold pieces (gained 17).
A giant cockroach comes into view.
The giant cockroach bites you but does no damage. x2
A giant cockroach is nearby!
A giant cockroach is nearby!
You hit the giant cockroach.
You kill the giant cockroach!
Qazlal accepts your kill.
No target in view!
A ball python comes into view.
The ball python hisses angrily.
A ball python is nearby!
A ball python is nearby!
A ball python is nearby!
A ball python is nearby!
You block the ball python's attack. The ball python grabs you.
The ball python constricts you.
You closely miss the ball python.
The ball python bites you but does no damage.
The ball python constricts you. You block the ball python's attack.
The ball python constricts you.
Your scale mail prevents you from hitting the ball python.
The ball python bites you. The ball python constricts you.
You barely miss the ball python.
The ball python bites you but does no damage.
The ball python constricts you. You block the ball python's attack.
The ball python constricts you.
You hit the ball python but do no damage.
The ball python barely misses you. The ball python constricts you.
The ball python bites you but does no damage.
The ball python constricts you.
You completely miss the ball python.
The ball python bites you but does no damage.
The ball python constricts you.
You hit the ball python.
You kill the ball python!
Qazlal accepts your kill.
No target in view!
No target in view!
You open the door.
There is an open door here.
You now have 113 gold pieces (gained 8).
Key pressed, stopping explore.
A bat comes into view.
A bat is nearby!
A bat is nearby!
You block the bat's attack.
You barely miss the bat.
You tail-slap the bat, but do no damage.
The bat hits you but does no damage.
You closely miss the bat. The bat hits you but does no damage.
The bat hits you but does no damage. The bat hits you.
You hit the bat.
The bat is severely wounded.
You block the bat's attack. x2
The bat hits you but does no damage. You block the bat's attack.
You hit the bat but do no damage.
The bat is moderately wounded.
The bat hits you but does no damage. x2
You slash the bat!
You kill the bat!
Qazlal accepts your kill.
You open the door.
Found a glowing silver altar of Zin.
There is an open door here.
There is an open door here.
An adder comes into view.
The adder hisses angrily.
An adder is nearby!
You completely miss the adder. The adder barely misses you.
The adder bites you but does no damage.
You hit the adder. You tail-slap the adder.
The adder is severely wounded.
The adder bites you but does no damage. You block the adder's attack.
You hit the adder. You tail-slap the adder.
You kill the adder!
Qazlal accepts your kill.
No target in view!
No target in view!
No target in view!
No target in view!
No target in view!
No target in view!
No target in view!
No target in view!
AttackTheMoon's ghost turns its malevolent gaze towards you.
The goblin shouts!
AttackTheMoon's ghost whispers, "There is no future for you."
A goblin comes into view. It is wielding a +0 club.
The adder hisses angrily.
The goblin shouts!
The goblin moves out of view.
A goblin is nearby!
A goblin is nearby!
A goblin is nearby!
A giant cockroach comes into view.
The goblin hits you with a +0 club.
You hit the goblin but do no damage. You block the goblin's attack.
You hit the goblin.
You kill the goblin!
Qazlal accepts your kill.
You hit the giant cockroach.
You kill the giant cockroach!
Qazlal accepts your kill.
You have reached level 4!
You feel clever.
Your demonic ancestry asserts itself...
Your tail grows a sharp stinger.
Things that are here:
a +0 club; a goblin corpse
k - a scroll labelled NAOSU JUIS RUJ
Found a stone staircase leading down.
There is a stone staircase leading down here.
The adder hisses angrily.
A frilled lizard comes into view.
Found a scroll labelled YKKEKHOUMESI.
You barely miss the frilled lizard.
The frilled lizard bites you but does no damage.
You slash the frilled lizard!
You kill the frilled lizard!
Qazlal accepts your kill.
No target in view!
No target in view!
No target in view!
No target in view!
No target in view!
No target in view!
No target in view! 2 orcs and an orc priest come into view.
The orc priest shouts!
The orc priest looks braver for a moment.
There are monsters nearby!
There are monsters nearby!
You slash the orc!
You kill the orc!
Qazlal accepts your kill.
You hit the orc. The orc hits you but does no damage.
Your Axes skill increases to level 4!
You slash the orc!
You kill the orc!
Qazlal accepts your kill.
You slash the orc priest! The orc priest barely misses you. x2
You closely miss the orc priest.
The orc priest is heavily wounded.
The orc priest hits you but does no damage.
You hit the orc priest.
The orc priest is severely wounded.
You block the orc priest's attack.
You barely miss the orc priest.
Your tail-slap misses the orc priest.
The orc priest is severely wounded.
The orc priest closely misses you.
AttackTheMoon's ghost shouts, "You will never get the ORB!"
You block the orc priest's attack.
You hit the orc priest.
Your tail-slap misses the orc priest.
The orc priest is severely wounded.
The orc priest mumbles some strange prayers to Beogh against you.
You resist with some effort.
You hit the orc priest but do no damage.
The orc priest is severely wounded.
The orc priest hits you with a +0 club.
You barely miss the orc priest.
The orc priest is severely wounded.
You block the orc priest's attack.
The orc priest looks satisfied for a moment.
An orc priest is nearby!
You barely miss the orc priest.
The orc priest is severely wounded.
The orc priest completely misses you.
An orc priest is nearby!
You slash the orc priest!
You kill the orc priest!
Qazlal accepts your kill.
AttackTheMoon's ghost lets out a mournful wail.
AttackTheMoon's ghost screams, "You must not fail where I succeeded!"
AttackTheMoon's ghost shouts, "Very impressive.
But it won't help.
Nothing will."
AttackTheMoon's ghost ducks and says, "Too high!"
AttackTheMoon's ghost whispers, "There is no future for you."
Key pressed, stopping explore.
No reachable target in view!
Items here: )) ††.
No reachable target in view!
Things that are here:
a +0 hand axe; an orc corpse
l - a scroll labelled YKKEKHOUMESI
g - 5 scrolls labelled AQEASUCAITH (gained 1)
You open the door.
Found an escape hatch in the ceiling.
There is an open door here.
Found 13 sling bullets.
A goblin comes into view. It is wielding a +0 dagger.
The goblin shouts!
You slash the goblin!
You kill the goblin!
Qazlal accepts your kill.
No target in view!
No target in view!
No target in view!
No target in view!
No target in view!
No target in view!
No target in view!
No target in view!
No target in view!
You are a level 4 Demonspawn Fighter.
You are 50% of the way to level 5.
Play time: 00:01:33 (2384 turns).
Zot will find you in 15567 turns if you stay in this branch and explore no new floors.
You see here a +0 dagger.
You see here 13 sling bullets.
Found an embroidered robe.
A giant cockroach comes into view.
A giant cockroach is nearby!
A giant cockroach is nearby!
A worm and a goblin come into view.
The goblin shouts!
You hit the giant cockroach.
You kill the giant cockroach!
Qazlal accepts your kill.
An endoplasm comes into view.
The endoplasm quivers.
Your scale mail prevents you from hitting the goblin.
The goblin barely misses you. The goblin closely misses you.
You slash the worm!
The worm is heavily wounded.
You completely miss the goblin. The goblin completely misses you.
You hit the worm.
The worm is severely wounded.
You miss the goblin. You block the goblin's attack. The worm bites you.
You slash the worm!
You kill the worm!
Qazlal accepts your kill.
You barely miss the goblin. The goblin hits you with a +0 club.
You slash the endoplasm!
You kill the endoplasm!
Qazlal accepts your kill.
You hit the goblin but do no damage. The goblin closely misses you.
The goblin hits you but does no damage.
You barely miss the goblin. The goblin hits you but does no damage.
You hit the goblin.
You kill the goblin!
Qazlal accepts your kill.
No target in view!
No target in view!
m - a +0 helmet
Found a stone staircase leading down.
You see here a +2 robe of resistance.
n - a +2 robe of resistance You start removing your armour.
You continue taking off your +0 scale mail. x4
You finish taking off your +0 scale mail.
You start putting on your armour.
You continue putting on your +2 robe of resistance. x4
You finish putting on your +2 robe of resistance.
You feel resistant to extremes of temperature.
You start putting on your armour.
You continue putting on your +0 helmet. x4
You finish putting on your +0 helmet.
Cleave: a) +0 war axe
Press: ? - help, Dir - move target, f - you
Okay, then.
Drop what? 14/52 slots (_ for help) (? for menu, Esc to quit)
You drop a +0 scale mail.
You start putting on your amulet.
You continue putting on your amulet of magic regeneration. x5
You finish putting on your amulet of magic regeneration.
i - an amulet of magic regeneration (around neck)
A frilled lizard is nearby!
A frilled lizard is nearby!
A frilled lizard is nearby!
The frilled lizard hisses angrily.
The frilled lizard barely misses you.
You closely miss the frilled lizard.
You block the frilled lizard's attack. x2
You hit the frilled lizard.
You kill the frilled lizard!
Qazlal accepts your kill.
No target in view!
No target in view!
You now have 121 gold pieces (gained 8).
You see here a worm corpse.
You open the door.
Found an escape hatch in the floor.
An adder and an ufetubus come into view.
There are monsters nearby!
There are monsters nearby!
The adder hisses angrily.
The ufetubus hits you but does no damage. x2
You barely miss the ufetubus. The ufetubus completely misses you.
You block the ufetubus's attack.
The ufetubus hits you but does no damage.
You block the ufetubus's attack.
You miss the ufetubus.
You tail-slap the ufetubus, but do no damage.
The ufetubus barely misses you. The ufetubus closely misses you.
The adder bites you but does no damage.
The ufetubus hits you but does no damage.
The ufetubus hits you.
You hit the adder.
The adder is heavily wounded.
You closely miss the ufetubus. The ufetubus hits you.
You block the ufetubus's attack. The adder bites you. The ufetubus hits you.
The ufetubus hits you but does no damage.
You miss the adder.
The adder is heavily wounded.
You closely miss the ufetubus. The adder completely misses you.
You block the ufetubus's attack. The ufetubus hits you.
You block the adder's attack. The ufetubus closely misses you.
The ufetubus hits you but does no damage.
You are too injured to fight recklessly!
You are too injured to fight recklessly!
You are too injured to fight recklessly!
You are too injured to fight recklessly!
You are too injured to fight recklessly!
You are too injured to fight recklessly!
You are too injured to fight recklessly!
You are too injured to fight recklessly!
You are too injured to fight recklessly!
You are too injured to fight recklessly!
You are too injured to fight recklessly!
You are too injured to fight recklessly!
You are too injured to fight recklessly!
You are too injured to fight recklessly!
You are too injured to fight recklessly!
You are too injured to fight recklessly!
You are too injured to fight recklessly!
You are too injured to fight recklessly!
You are too injured to fight recklessly!
You are too injured to fight recklessly!
You are too injured to fight recklessly!
You miss the adder.
The adder is heavily wounded.
You barely miss the ufetubus. You block the adder's attack.
The ufetubus hits you but does no damage. x2
The adder bites you.
You slash the adder!
You kill the adder!
Qazlal accepts your kill.
You hit the ufetubus.
The ufetubus hits you but does no damage.
The ufetubus misses you. The ufetubus barely misses you. x2
The ufetubus hits you but does no damage.
You block the ufetubus's attack.
You slash the ufetubus!
You kill the ufetubus!
Qazlal accepts your kill.
You can now call upon nature to destroy your foes.
g - 6 scrolls labelled AQEASUCAITH (gained 1)
You open the door.
g - 8 scrolls labelled AQEASUCAITH (gained 2)
A goblin comes into view. It is wielding a +0 dagger.
A goblin is nearby!
A goblin is nearby!
A goblin is nearby!
A goblin is nearby!
A goblin is nearby!
Found a cyan potion.
The goblin shouts!
You miss the goblin. The goblin hits you but does no damage.
The goblin closely misses you.
You closely miss the goblin. You block the goblin's attack.
You slash the goblin!
You kill the goblin!
Qazlal accepts your kill.
g - 9 scrolls labelled AQEASUCAITH (gained 1)
You now have 131 gold pieces (gained 10).
Things that are here:
a +0 dagger; 17 stones No target in view!
b - a cyan potion No target in view!
Found a stone staircase leading up.
No target in view!
Found 11 sling bullets.
Key pressed, stopping explore.
No target in view!
No target in view!
No target in view!
Found 6 atropa-tipped darts.
An endoplasm comes into view.
An endoplasm is nearby!
The endoplasm quivers.
The endoplasm hits you but does no damage.
You barely miss the endoplasm.
The endoplasm is engulfed in blazing flames.
You kill the endoplasm!
Qazlal accepts your kill.
No target in view!
No target in view!
No target in view!
No target in view!
No target in view!
No target in view!
You open the door.
There is an open door here.
You hear a shout!
An orc comes into view. It is wielding a +0 dagger.
The orc shouts!
The orc throws a boomerang.
The boomerang hits you but does no damage.
An orc is nearby!
An orc is nearby!
An orc is nearby!
You barely miss the orc. The orc hits you with a +0 dagger.
You slash the orc!
You kill the orc!
Qazlal accepts your kill.
No target in view!
No target in view!
No target in view!
No target in view!
No target in view!
No target in view!
Things that are here:
a +0 dagger; 3 boomerangs; an orc corpse
Okay, then.
o - a +0 pair of boots You start putting on your armour.
You continue putting on your +0 pair of boots. x4
You finish putting on your +0 pair of boots.
Done exploring.
Done exploring.
Done exploring.
Done exploring.
Done exploring.
Done exploring.
Done exploring.
Done exploring.
No target in view!
Done exploring.
(D) Dungeon
Where to? (Enter - D:3, ? - help)
There is a stone staircase leading down here.
You climb downwards.
The ufetubus shouts!
Found 12 gold pieces and a leather armour.
There is a stone staircase leading up here.
An ufetubus is nearby!
There's nothing to open nearby.
An ufetubus is nearby!
An ufetubus is nearby!
Found a short iron wand.
The ufetubus misses you. The ufetubus hits you. The ufetubus barely misses you.
The ufetubus hits you but does no damage.
You miss the ufetubus. The ufetubus barely misses you.
The ufetubus closely misses you.
You slash the ufetubus!
You kill the ufetubus!
Qazlal accepts your kill.
You have reached level 5!
HP restored.
You now have 143 gold pieces (gained 12).
Found a stone staircase leading down.
p - a wand of flame (25)
You now have 153 gold pieces (gained 10).
A giant cockroach comes into view.
A giant cockroach is nearby!
Found a sparkling altar of Nemelex Xobeh.
There is a stone staircase leading down here.
You slash the giant cockroach!
You kill the giant cockroach!
Qazlal accepts your kill.
No target in view!
No target in view!
An iguana comes into view.
An iguana is nearby!
An iguana is nearby!
An iguana is nearby!
An iguana is nearby!
A killer bee comes into view.
The iguana hisses angrily.
The killer bee buzzes angrily.
You hear an angry buzzing noise.
A killer bee comes into view.
The killer bee buzzes angrily.
You hear an angry buzzing noise. x2
A killer bee comes into view. x2
Found a mace.
A killer bee comes into view.
You block the iguana's attack.
A killer bee comes into view.
The killer bee buzzes angrily.
You slash the killer bee!
The killer bee is heavily wounded.
You hit the iguana but do no damage. The killer bee stings you. x2
The iguana barely misses you.
You closely miss the killer bee.
Your tail-slap misses the killer bee.
The killer bee is heavily wounded.
You hit the iguana but do no damage. The killer bee barely misses you.
You block the iguana's attack. The killer bee closely misses you.
The iguana bites you.
Found 6 gold pieces.
The killer bee stings you.
You are poisoned.
The killer bee poisons you!
You feel sick. The killer bee stings you. You block the killer bee's attack.
The killer bee stings you.
You feel sick. You block the killer bee's attack.
The killer bee closely misses you.
The killer bee stings you but does no damage.
You feel sick. The killer bee barely misses you. x2
The killer bee closely misses you. The killer bee barely misses you.
You feel sick. The killer bee barely misses you. The killer bee stings you.
* * * LOW HITPOINT WARNING * * *
The killer bee stings you!
* * * LOW HITPOINT WARNING * * *
You are lethally poisoned!
The killer bee poisons you!
* * * LOW HITPOINT WARNING * * *
You feel sick. You block the killer bee's attack. x2
The killer bee misses you.
The killer bee stings you but does no damage.
The killer bee stings you.
* * * LOW HITPOINT WARNING * * *
The killer bee stings you!
You die...

.#...........#
.............##
#.............# ♣♣ #
#.#.#.........# ♣♣. ####.#
).............# ♣♣.♣♣ #..#.#
..#.#.........# ♣♣P..♣ #...[.
......#...l.y.# ♣P.PP♣ #.....
...####.....yy# #....# #.....
# #......○y@####....###.....
.........yy#................
....##⌠.⌠...#................
......._...#...............<.
......⌠.⌠...................#
.$........###..............##
........# ######........##
...... #.#..#...# ####.#..##


You could see an iguana and 6 killer bees.

Vanquished Creatures
  An orc priest (D:3)
  3 adders
  2 ufetubi
  2 worms
  3 dart slugs
  3 orcs (D:3)
  4 endoplasms
  8 giant cockroaches
  8 goblins
  2 hobgoblins (D:1)
  3 kobolds
  A quokka (D:1)
  4 ball pythons
  3 bats
  5 frilled lizards
  4 rats
56 creatures vanquished.

Notes
Turn   | Place    | Note
-------+----------+-------------------------------------------
     0 | D:1      | sleeves the Demonspawn Fighter began the quest for the Orb.
     0 | D:1      | Reached XP level 1. HP: 18/18 MP: 1/1
    17 | D:1      | Reached skill level 2 in Axes
    30 | D:1      | Found Zoselu's Antique Armour Shop.
   200 | D:1      | Gained mutation: You have a small tail. [demonic ancestry]
   200 | D:1      | Reached XP level 2. HP: 19/24 MP: 2/2
   581 | D:1      | Found a faded altar of an unknown god.
   585 | D:1      | Reached skill level 3 in Axes
   596 | D:1      | Prayed at the altar of an unknown god.
   596 | D:1      | Became a worshipper of Qazlal Stormbringer
   596 | D:1      | Reached * piety under Qazlal
   829 | D:2      | Found a basalt altar of Yredelemnul.
  1035 | D:2      | Reached XP level 3. HP: 29/29 MP: 3/3
  1901 | D:3      | Found a runed translucent gate.
  1901 | D:3      | Found a runed translucent gate.
  1903 | D:3      | Found a runed translucent gate.
  1911 | D:3      | Noticed AttackTheMoon's ghost (amateur DjEn)
  2241 | D:3      | Gained mutation: You have a tail ending in a sharp stinger.
                  | [demonic ancestry]
  2241 | D:3      | Reached XP level 4. HP: 34/35 MP: 4/4
  2305 | D:3      | Reached skill level 4 in Axes
  2499 | D:3      | Reached ** piety under Qazlal
  2827 | D:4      | Reached XP level 5. HP: 40/41 MP: 5/5
  2847 | D:4      | Found a sparkling altar of Nemelex Xobeh.
  2861 | D:4      | HP: 19/41 [killer bee (2)]
  2862 | D:4      | HP: 9/41 [poisoned by a killer bee]
  2862 | D:4      | HP: 4/41 [killer bee (5)]
  2862 | D:4      | Slain by a killer bee

Illustrated notes

Levels and vault maps discovered:
D:1:      amcnicky_arrival_flooded_fountain, layout_basic, serial_shops,
          nicolae_shop_crystal, hellmonk_ecumenical_altar_prayer_group
D:2:      layout_basic, basic_altar, serial_rivers,
          chequers_serial_rivers_marsh, chequers_serial_rivers_small_3,
          chequers_serial_rivers_micro_d, chequers_serial_rivers_micro_e,
          chequers_serial_rivers_small_3, chequers_serial_rivers_micro_b,
          hangedman_decor_slide_cut, minmay_misc_feat_columns
D:3:      layout_basic, zin_treasury, gammafunk_ghost_split, minmay_unequal
D:4:      layout_cave_pools, nemelex_xobeh_ov_fountains_minmay, serial_glass,
          glass_columns_a, glass_columns_a, serial_shops, shop,
          nicolae_shop_sticking_my_neck_out, uniq_menkaure,
          uniq_crazy_yiuf_cottage

Skill      XL: |  1  2  3  4 |
---------------+-------------+-----
Axes           | 2 3 4 |  4.7
Fighting       | |  3.0
Armour         | |  2.6
Shields        | |  2.6
Invocations    | |  0.5

Action                   |  1- 3 |  4- 6 || total
-------------------------+-------+-------++-------
Melee: War axe           |   104 |    41 ||   145
       Tailslap          |     7 |     1 ||     8
Armor: Scale mail        |    43 |     5 ||    48
       Robe              |       |    17 ||    17
Dodge: Dodged            |    39 |    32 ||    71
Block: Buckler           |    30 |    20 ||    50

Table legend: (Time is in decaauts)
 A = Elapsed time spent in this place.
 B = Non-inter-level travel time spent in this place.
 C = Inter-level travel time spent in this place.
 D = Time resting spent in this place.
 E = Time spent auto-exploring this place.
 F = Levels seen in this place.
 G = Mean time per level.
                   A        B        C        D        E       F      G
               +--------+--------+--------+--------+--------+-----+--------+
         Total |   2918 |   2855 |     63 |      0 |   2427 |   4 |  729.5 |
       Dungeon |   2918 |   2855 |     63 |      0 |   2427 |   4 |  729.5 |
               +--------+--------+--------+--------+--------+-----+--------+

Top non-repeatable levels by time:
     D:2: 1261 daAuts
     D:3: 955 daAuts
     D:1: 660 daAuts
     D:4: 41 daAuts
